[Event "BCS-Floripa Super Blitz 2025"]
[Site "Florianopolis"]
[Date "2025.01.22"]
[Round "5.5"]
[White "Cordeiro, Marco Aurelio Zaror"]
[Black "Bieging, Luca Jurgen"]
[Result "1-0"]
[Annotator "TA"]
[ECO "B23"]
[WhiteElo "2049"]
[BlackElo "1944"]
[PlyCount "77"]
[EventDate "2025.01.18"]
[EventType "swiss"]
[EventCountry "BRA"]
[SourceTitle "playchess.com"]
[Source "ChessBase"]
[SourceQuality "1"]
[TimeControl "180+2"]

1. e4 c5 2. Nc3 Nc6 3. f4 g6 4. Nf3 Bg7 5. Bc4 d6 6. O-O Nf6 7. d3 O-O 8. Qe1 Na5 9. Qh4 Nxc4 10. dxc4 h5 (10... Be6 $11) 11. Bd2 $16 b6 12. Rae1 {[%emt 0:00:12] White is more active.} Bb7 13. f5 e5 $2 (13... Rc8 $16 14. Ng5 Qd7) 14. fxg6 $2 (14. Bg5 $18 {is the precise move to win.}) 14... fxg6 15. Bg5 (15. b3 $142) 15... Qe8 16. Rd1 Qe6 17. b3 Rae8 18. Nb5 (18. h3 $16) 18... Nxe4 $11 (18... Bxe4 $2 19. Rxd6 (19. Nxd6 Bxf3 20. Nxe8 Bxd1 $14) 19... Qg4 20. Rxf6 $18 (20. Bxf6 Bxf6 21. Rxf6 Bxf3 $16)) 19. Nc7 Qd7 20. Nxe8 Rxe8 21. Rfe1 $2 (21. Bc1 $14 {keeps the upper hand.}) 21... Nxg5 $2 (21... Nc3 $17 {[%cal Oe5e4] keeps the pressure on. and ...e4! should not be overlooked} 22. Rd3 e4) 22. Qxg5 (22. Nxg5 $16 {and Rf1 should not be overlooked} Bf6 23. Qg3) 22... Bxf3 23. gxf3 Qe6 (23... Kh7 $14) 24. f4 ({White should try} 24. Qd2) 24... Rf8 25. fxe5 Bxe5 26. Rf1 Rxf1+ 27. Rxf1 $16 {[%emt 0:00:01][%mdl 4096] Endgame KQR-KQB} Qd7 $2 (27... Bd4+ $16 {is a better chance.} 28. Kh1 Kh7) 28. Qxg6+ $18 Qg7 29. Qxg7+ Kxg7 {[%emt 0:00:01] KR-KB} 30. Kg2 a5 31. Kf3 Kf6 32. Ke4+ Ke7 33. h3 h4 34. Rf5 Ke6 35. Rh5 Bg3 36. Rh6+ Kd7 37. Kd5 Kc7 38. Rh7+ Kb8 39. Kc6 1-0

[Event "BCS-Floripa Super Blitz 2025"]
[Site "Florianopolis"]
[Date "2025.01.22"]
[Round "5.6"]
[White "Almeida Junior, Alvaro Alves de"]
[Black "Monteiro, Samuel Ramazzotte"]
[Result "1/2-1/2"]
[Annotator "TA"]
[ECO "B45"]
[WhiteElo "2138"]
[BlackElo "1866"]
[PlyCount "49"]
[EventDate "2025.01.18"]
[EventType "swiss"]
[EventCountry "BRA"]
[SourceTitle "playchess.com"]
[Source "ChessBase"]
[SourceQuality "1"]
[TimeControl "180+2"]

1. e4 c5 2. Nf3 e6 3. d4 cxd4 4. Nxd4 Nc6 5. Nc3 Nf6 6. Nb3 Bb4 7. Bd3 d5 8. exd5 Nxd5 9. Bd2 Nxc3 10. bxc3 Bd6 11. O-O Qf6 12. Re1 O-O 13. Qh5 h6 14. Qe2 Ne5 15. Rad1 (15. Be4 $1 $11 {deserves consideration.}) 15... Nxd3 $1 $40 {[%emt 0:00:00][%mdl 128] White needs to defend precisely.} 16. cxd3 b6 17. Qe4 Rb8 18. Qa4 Bb7 19. Qd4 $2 {[%emt 0:00:54] [#]} (19. Qg4 $17) 19... Qg6 $1 $19 20. g3 Rfd8 21. Qe3 Qh5 {[%emt 0:00:00] ...Qh3 would now be deadly.} 22. f4 (22. Rb1 {was called for.}) 22... Qd5 23. Qe4 Qh5 24. Qe3 $1 Qd5 25. Qe4 1/2-1/2

[Event "BCS-Floripa Super Blitz 2025"]
[Site "Florianopolis"]
[Date "2025.01.22"]
[Round "5.6"]
[White "McDonald, Ian"]
[Black "Di Berardino, Diego Rafael"]
[Result "0-1"]
[Annotator "TA"]
[ECO "C01"]
[WhiteElo "1966"]
[BlackElo "2466"]
[PlyCount "92"]
[EventDate "2025.01.18"]
[EventType "swiss"]
[EventCountry "BRA"]
[SourceTitle "playchess.com"]
[Source "ChessBase"]
[SourceQuality "1"]
[TimeControl "180+2"]

1. d4 e6 2. e4 d5 3. exd5 exd5 4. Nf3 Bd6 5. Bd3 Nc6 6. c3 Nge7 7. O-O Bg4 8. h3 Bh5 9. Re1 Qd7 10. a4 Bg6 11. Na3 a6 12. b4 O-O 13. Bg5 Bxd3 14. Qxd3 Ng6 15. Nc2 h6 16. Bd2 Rfe8 17. Rxe8+ Rxe8 18. Re1 Rxe1+ 19. Ncxe1 Na7 20. Qc2 Nc8 21. Nd3 Nb6 22. Nb2 Qe8 23. Kf1 Qc6 24. Qb3 Kf8 25. Bc1 f6 26. Bd2 Bf4 27. Qc2 Bxd2 28. Nxd2 Nf4 29. a5 Nc8 {[%emt 0:00:16] White should prevent ...Nd6.} 30. Qf5 Ne6 31. Kg1 (31. Qd3 $11) 31... Ne7 32. Qd3 (32. Qf3 $17) 32... Nf4 $19 33. Qf3 {[%emt 0:00:02][%cal Ob2d1] [#]} Qxc3 $1 34. Qxf4 Qxb2 {[%emt 0:00:00][%mdl 4096] Endgame KQN-KQN. Black is a pawn up.} 35. Nf3 Qc3 ({Resist} 35... Qxb4 36. Qxc7 Qb1+ 37. Kh2 $17) 36. Qg4 $2 (36. Kh2) 36... Qxb4 37. Nh4 Qxa5 {[%emt 0:00:09] Strongly threatening ...Qe1+.} 38. Qd7 (38. Nf5 $142 g6 39. Nxe7 Kxe7 40. Kh2) 38... Qe1+ 39. Kh2 Qxf2 40. Nf3 Qc2 41. h4 Qc6 42. Qd8+ Kf7 43. Qb8 h5 44. Kg3 a5 45. Qa8 b6 46. Qxc6 Nxc6 0-1

[Event "BCS-Floripa Super Blitz 2025"]
[Site "Florianopolis"]
[Date "2025.01.22"]
[Round "5.7"]
[White "Souza, Adwilhans Luciano"]
[Black "Jessel, Stephen"]
[Result "1-0"]
[Annotator "TA"]
[ECO "C12"]
[WhiteElo "2329"]
[BlackElo "2317"]
[PlyCount "141"]
[EventDate "2025.01.18"]
[EventType "swiss"]
[EventCountry "BRA"]
[SourceTitle "playchess.com"]
[Source "ChessBase"]
[SourceQuality "1"]
[TimeControl "180+2"]

1. e4 e6 2. d4 d5 3. Nc3 Nf6 4. Bg5 h6 5. Bxf6 Qxf6 6. exd5 Bb4 7. Bb5+ Bd7 8. Bxd7+ Nxd7 9. dxe6 Qxe6+ 10. Qe2 Bxc3+ 11. bxc3 Qxe2+ 12. Nxe2 O-O-O 13. O-O-O Nb6 14. Nf4 g5 (14... Rd6 $11) 15. Nd3 $16 Rd5 16. Rhe1 Rhd8 17. Re5 Na4 18. Kd2 c5 19. Re7 cxd4 20. cxd4 (20. Rxf7 $2 dxc3+ 21. Ke2 Nb2 $19) 20... Rxd4 21. Rxf7 Nc5 22. Kc3 (22. Kc1 {simplifies} Nxd3+ 23. cxd3 Rxd3 24. Rxd3 Rxd3 25. Rf6) 22... Na4+ 23. Kd2 Nb2 24. Rb1 Nxd3 25. cxd3 Rxd3+ $11 {[%emt 0:00:02][%mdl 4096] Endgame KRR-KRR} 26. Ke2 R3d7 27. Rc1+ Kb8 28. Rxd7 Rxd7 {[%emt 0:00:01] KR-KR} 29. Ke3 b5 30. Rc6 a5 (30... Re7+ $11 31. Kf3 g4+ 32. Kxg4 Re2) 31. Rxh6 $16 Ka7 {[%emt 0:00:01] Inhibits Rb6.} ({Better is} 31... Re7+ 32. Kd3 Rd7+ 33. Ke3 Re7+) 32. Rg6 (32. g4 $16) 32... Rd5 $14 33. f4 (33. a3 $16) 33... gxf4+ $11 34. Kxf4 Rd2 35. h4 Rxa2 {[%emt 0:00:01] White must now prevent ...b4.} 36. h5 Ra1 {[%emt 0:00:04] [#]} (36... Ra4+ $11 {keeps the balance.} 37. Kg5 Ra2) 37. Rg3 ({White should play} 37. Rg7+ $1 $16 Kb6 38. Rg3 Rf1+ 39. Kg5) 37... Rc1 $2 (37... b4 $11) 38. h6 $18 Rc8 39. h7 {[%emt 0:00:02] Threatening mate with Rg8.} Rh8 40. Rh3 Kb6 41. Ke4 $2 ({Only move:} 41. g4 $18 Rf8+ 42. Ke5 Re8+ 43. Kf6) 41... Kc5 $2 (41... a4 $11) 42. Kd3 $2 (42. g4 $18 {Strongly threatening g5.} b4 43. g5) 42... Kd5 43. Rh5+ Ke6 44. Rxb5 Rxh7 45. Rxa5 Rh2 46. Ra2 Kf6 47. Ke4 Kg5 48. Kf3 Rh8 49. Ra5+ Kg6 50. Kf4 Rf8+ 51. Kg4 Rf1 52. Ra6+ Kf7 53. Kg5 Rb1 54. g4 Rh1 $2 (54... Kg7 $11) 55. Ra7+ Kg8 56. Kg6 Kf8 57. g5 Rb1 58. Ra8+ Ke7 59. Kh7 Rh1+ 60. Kg7 Ke6 61. g6 Ke7 62. Ra2 Ke8 63. Re2+ Kd7 64. Kf7 Rf1+ 65. Kg8 Rh1 66. g7 Kd8 67. Re4 Kd7 68. Kf7 Rf1+ 69. Kg6 Rg1+ 70. Kf6 Kd8 71. Re5 1-0

[Event "BCS-Floripa Super Blitz 2025"]
[Site "Florianopolis"]
[Date "2025.01.22"]
[Round "5.7"]
[White "Lage, Pedro Ferreira"]
[Black "Castillo, Samir"]
[Result "1-0"]
[Annotator "TA"]
[ECO "A45"]
[WhiteElo "2160"]
[BlackElo "1767"]
[PlyCount "59"]
[EventDate "2025.01.18"]
[EventType "swiss"]
[EventCountry "BRA"]
[SourceTitle "playchess.com"]
[Source "ChessBase"]
[SourceQuality "1"]
[TimeControl "180+2"]

1. d4 Nf6 2. Bg5 c5 3. d5 d6 4. c4 g6 5. Bxf6 exf6 6. Nc3 Bg7 7. e3 O-O 8. g3 Bd7 9. Bg2 f5 10. Nge2 a6 11. a4 Qe8 12. O-O b5 (12... Bc8 $11 {remains equal.}) 13. axb5 $16 Qe7 (13... Bc8 $16 14. Ra2 Qe7) 14. Qb3 (14. Ra5 $18) 14... Bc8 15. Ra2 (15. Ra5 $142) 15... Bb7 (15... Ra7 $142) 16. Rfa1 h5 17. Ra5 h4 18. R1a3 hxg3 19. hxg3 g5 20. Qa2 f4 (20... Rd8 $142 21. Qb1 (21. bxa6 Bxc3 22. Nxc3 Rxa6 $18) 21... Bc8) 21. exf4 $18 Bxc3 22. bxc3 Kg7 23. bxa6 Nxa6 (23... Bc8 {keeps fighting.} 24. fxg5 Bg4) 24. fxg5 Rh8 25. Qd2 ({Worse is} 25. Rxa6 Bxa6 26. Rxa6 Rxa6 27. Qxa6 Qxe2 $11) 25... Rae8 26. Nf4 Qe1+ 27. Qxe1 Rxe1+ 28. Bf1 Nc7 29. Ra7 Rb8 (29... Ra8 $142 30. Kg2 (30. Rxb7 Rxa3 31. Rxc7 Raa1 $18) 30... Rb8) 30. Rb3 1-0

[Event "BCS-Floripa Super Blitz 2025"]
[Site "Florianopolis"]
[Date "2025.01.22"]
[Round "5.8"]
[White "Shoker, Samy"]
[Black "Tomiello, Mateus Costamilan"]
[Result "1-0"]
[Annotator "TA"]
[ECO "A08"]
[WhiteElo "2446"]
[BlackElo "2141"]
[PlyCount "67"]
[EventDate "2025.01.18"]
[EventType "swiss"]
[EventCountry "BRA"]
[SourceTitle "playchess.com"]
[Source "ChessBase"]
[SourceQuality "1"]
[TimeControl "180+2"]

1. Nf3 Nf6 2. g3 g6 3. Bg2 Bg7 4. O-O O-O 5. d3 d5 6. Nbd2 c5 7. a3 Nc6 8. Rb1 d4 9. e4 e5 10. b4 cxb4 11. axb4 b5 12. Nb3 Qd6 13. Bd2 Be6 14. Nc5 (14. Ng5 $14 {might be stronger.}) 14... Rfc8 (14... Bc8 $11) 15. Ng5 $16 Bg4 {[%emt 0:00:12] [#]} 16. f3 $1 Bd7 17. f4 Bg4 18. Qe1 h6 19. h3 (19. Nf3 $14) 19... Bd7 $2 (19... hxg5 $15 {keeps the upper hand.} 20. hxg4 Qe7 (20... Nxg4 21. Bh3 $14)) 20. Nf3 {[%emt 0:00:04] Strongly threatening Nxe5.} Be8 (20... Qe7 $16 {was necessary.}) 21. fxe5 $18 Nxe5 22. Nxe5 Qxe5 23. Bf4 Qe7 24. e5 Nd7 25. Bxa8 (25. e6 $18 Nxc5 26. exf7+ (26. bxc5 Qxc5 27. Bxa8 Rxa8 $16) (26. Bxa8 Nxe6 27. Bd5 Rxc2 $14) 26... Qxf7 27. Bxh6 (27. bxc5 Bc6 $18) (27. Bxa8 Rxa8 28. Bd6 Qd5 $16)) 25... Nxc5 $16 26. Bd5 Ne6 27. Bb3 Bc6 28. Ra1 Ba8 29. Kh2 Qb7 30. Qf2 {[%emt 0:00:10] Prevents Qg2+.} g5 $2 (30... Re8 $16 31. h4 h5) 31. Bd2 $18 Bxe5 $2 (31... Qc7 32. Rae1 Re8) 32. Rae1 Bg7 {[%emt 0:00:09] [#]} 33. Qxf7+ $3 Qxf7 34. Rxf7 (34. Bxe6 Qxe6 35. Rxe6 Bd5 $16) 1-0

[Event "BCS-Floripa Super Blitz 2025"]
[Site "Florianopolis"]
[Date "2025.01.22"]
[Round "5.8"]
[White "Arosteguy, Vitor Augusto Colaco"]
[Black "De Melo, Jailson Jose"]
[Result "0-1"]
[Annotator "NA RC COMBH"]
[ECO "A02"]
[WhiteElo "1613"]
[BlackElo "1866"]
[PlyCount "38"]
[EventDate "2025.01.18"]
[EventType "swiss"]
[EventCountry "BRA"]
[SourceTitle "playchess.com"]
[Source "ChessBase"]
[SourceQuality "1"]
[TimeControl "180+2"]

1. b3 Nf6 2. Bb2 g6 3. e3 Bg7 4. f4 c5 5. Nf3 O-O 6. c4 d5 7. Nc3 d4 8. exd4 cxd4 9. Ne2 Nc6 10. Nexd4 Bg4 11. Nxc6 bxc6 12. Be2 Nh5 13. Bxg7 Kxg7 14. Ne5 Bxe2 15. Qxe2 Nxf4 16. Nxc6 Nd3+ 17. Kf1 Qd6 18. Qe3 Qf6+ 19. Kg1 Qxa1+ 0-1

[Event "BCS-Floripa Super Blitz 2025"]
[Site "Florianopolis"]
[Date "2025.01.22"]
[Round "5.9"]
[White "Ticona Rocabado, Licael Roderick"]
[Black "Pessoa, Vitor Henrique Leopo"]
[Result "1-0"]
[Annotator "TA"]
[ECO "E97"]
[WhiteElo "2322"]
[BlackElo "1835"]
[PlyCount "57"]
[EventDate "2025.01.18"]
[EventType "swiss"]
[EventCountry "BRA"]
[SourceTitle "playchess.com"]
[Source "ChessBase"]
[SourceQuality "1"]
[TimeControl "180+2"]

1. d4 Nf6 2. c4 g6 3. Nc3 Bg7 4. e4 d6 5. Nf3 O-O 6. Be2 e5 7. O-O Nc6 8. d5 Ne7 9. b4 a5 10. bxa5 Rxa5 11. a4 Ne8 12. Ba3 b6 13. Bb4 Ra8 14. Nd2 f5 15. f3 Nf6 16. a5 (16. Kh1 $142) 16... c5 $1 $11 17. dxc6 Nxc6 (17... bxa5 $6 18. Nb5 Qb6+ 19. Kh1 $16) 18. Qb3 (18. Ba3 $11) 18... Nd4 (18... Nxa5 $6 19. Qc2 $11) (18... bxa5 $6 19. Bxd6 Nd4 (19... Qxd6 20. c5+ Be6 21. cxd6 $16) 20. Qa3 $11) (18... Nxb4 19. axb6 Rb8 (19... Rxa1 20. Rxa1 Nc6 21. b7 $15) 20. Qxb4 $15 (20. c5+ Kh8 $17)) (18... Bh6 $142 $1 {[%cal Rb6a5] and ...bxa5! would now be decisive} 19. c5+ Kg7 20. cxb6 Bxd2) 19. Qd1 bxa5 20. Ba3 Ba6 21. Nb5 Nxe2+ (21... Bxb5 $17 22. cxb5 fxe4 23. fxe4 Rb8) 22. Qxe2 $15 Qd7 23. Rfd1 (23. Bxd6 Rfd8 24. Bxe5 Bxb5 (24... Qxd2 25. Qxd2 Rxd2 26. Rxa5 $17) 25. cxb5 Qxd2 $17) (23. Nxd6 $11 Nh5 24. Rfd1) 23... Rfc8 (23... Rfd8 $1 $15) 24. Rab1 (24. Bxd6 $2 Bxb5 25. cxb5 Qxd6 $19) (24. Nxd6 $16 Rc6 25. Nf1 fxe4 26. fxe4) 24... Qe6 (24... d5 $15) 25. Nxd6 (25. Bxd6 $2 Bxb5 26. cxb5 Qxd6 $19) 25... Rd8 $2 {[%emt 0:00:12] [#]} (25... Rc6 $14) 26. Nb5 $2 {[%emt 0:00:05] Excellent horsemanship.} (26. Nb3 $1 $18 {[%cal Rb3c5] Hoping for Nc5.} fxe4 27. Nc5 exf3 28. gxf3 Bxc4 29. Qc2 (29. Nxc4 Qf5 $18) (29. Qxc4 Qxc4 30. Nxc4 Rxd1+ 31. Rxd1 Nh5 $18) 29... Rxd6 30. Nxe6 Rxd1+ 31. Qxd1 (31. Rxd1 Bxe6 32. Qc7 h6 $18) 31... Bxe6 32. Qd6) 26... fxe4 {[%emt 0:00:02] [#]} (26... Rd7 $11 {remains equal.}) 27. Nxe4 (27. Nc7 $1 $16 exf3 28. Nxf3 (28. Nxe6 $2 {is the wrong capture.} fxe2 29. Nxg7 exd1=B $19) (28. Qxf3 e4 $18) 28... Qxc4 (28... Rxd1+ $2 29. Qxd1 Qf5 30. Nxa8 $18) 29. Nxa8 (29. Qxe5 Rxd1+ 30. Rxd1 Ne8 $17) (29. Qxc4+ Bxc4 30. Nxa8 Rxa8 $16) 29... Rxa8 (29... Qxe2 $2 30. Rxd8+ $18) 30. Qxe5) 27... Rac8 $2 (27... Rxd1+ $14 28. Rxd1 Bxb5 29. cxb5 Qb3) 28. Nc5 Rxc5 $2 (28... Rxd1+ 29. Qxd1 (29. Rxd1 Qb6 $16) 29... Qxc4 30. Nxa6 Qa2) 29. Rxd8+ 1-0

[Event "BCS-Floripa Super Blitz 2025"]
[Site "Florianopolis"]
[Date "2025.01.22"]
[Round "5.9"]
[White "Da Silva, Daniel Leite"]
[Black "Hoffman, Alejandro"]
[Result "0-1"]
[Annotator "TA"]
[ECO "A07"]
[WhiteElo "2007"]
[BlackElo "2368"]
[PlyCount "130"]
[EventDate "2025.01.18"]
[EventType "swiss"]
[EventCountry "BRA"]
[SourceTitle "playchess.com"]
[Source "ChessBase"]
[SourceQuality "1"]
[TimeControl "180+2"]

1. Nf3 d5 2. g3 Nf6 3. Bg2 c6 4. O-O Bf5 5. d3 e6 6. Nbd2 h6 7. Qe1 Be7 8. e4 Bh7 9. Qe2 O-O 10. c4 a5 11. b3 a4 12. Bb2 Na6 13. Rfe1 Re8 14. Bd4 (14. Red1 $15) 14... Nb4 $17 15. Rec1 {[%emt 0:00:16] Dodges Nc2} dxe4 16. dxe4 c5 17. Bc3 (17. Bxf6 $17 {keeps fighting.} Bxf6 18. e5) 17... Nc6 (17... axb3 $1 $19 18. axb3 Na2) 18. e5 Nd7 $1 19. Re1 Qc7 20. h4 Red8 21. Qe3 (21. Ne4 $15) 21... Bf8 (21... Nb4 $17 22. Bxb4 cxb4) 22. h5 ({White should play} 22. Ne4 $15) 22... Ndb8 (22... Nb4 $19 {has better winning chances.} 23. Bxb4 cxb4) 23. Ne4 Na6 24. Rad1 (24. a3 $15) 24... axb3 25. axb3 b6 (25... Nab4 $1 $17 26. Rf1 Nc2) 26. Qf4 (26. Nd6 $1 $11 {remains equal.}) 26... Bxe4 (26... Nab4 $17 {and ...Nd3 would now be decisive} 27. Bxb4 Nxb4) 27. Qxe4 Nab4 28. Bf1 Rxd1 29. Rxd1 Rd8 $132 {[%emt 0:00:01][%mdl 2048] Black is not keeping still} 30. Rxd8 Qxd8 31. Kg2 Be7 32. Be2 Qd7 33. Qe3 Qd8 34. Qc1 f5 35. exf6 Bxf6 36. Qe3 Kf7 (36... Bxc3 {simplifies} 37. Qxc3 Qf8 38. Qd2 Qa8) 37. Bxb4 Nxb4 38. Ne5+ Bxe5 39. Qxe5 $11 {[%emt 0:00:01][%mdl 4096] Endgame KQB-KQN} Nc6 40. Qe4 Nd4 41. Bg4 Qd6 42. Qg6+ Kf8 43. f3 Qe5 44. Qd3 Ke7 45. Qd1 Qe2+ 46. Qxe2 Nxe2 {[%emt 0:00:02] KB-KN} 47. f4 Nd4 48. Bd1 e5 49. fxe5 (49. Kf2 $1 $11) 49... Ke6 $17 50. Kf2 Kxe5 {[%emt 0:00:01] Black is more active.} 51. Ke3 {[%emt 0:00:01] [#]} Nf5+ ({Black should play} 51... Kf5 $1 $17) 52. Kf3 $11 Kd4 53. Bc2 Nd6 (53... Ne7 $11) 54. Kf4 $14 Nf7 $2 (54... Kc3 $14 55. Bd1 Kd2) 55. Kf5 $18 Ne5 56. Bb1 Nd7 {[%emt 0:00:00] [#]} 57. Ke6 $1 Nf6 58. Bg6 Kc3 59. Kf7 Kxb3 60. Kxg7 Nd7 61. Kxh6 {[%emt 0:00:04] Hoping for Kg7.} Kxc4 62. Bf5 (62. Kg7 $142 Kb3 63. h6 c4 64. h7 Ne5 65. h8=Q (65. h8=R Nxg6 66. Kxg6 b5 $18) 65... Nxg6 66. Kxg6 b5 67. Kf5) 62... Ne5 63. Kg7 Kd4 64. h6 c4 65. h7 Kd5 0-1

[Event "BCS-Floripa Super Blitz 2025"]
[Site "Florianopolis"]
[Date "2025.01.22"]
[Round "5.10"]
[White "Nogueira, Ivan Kuhlmann"]
[Black "Silverio, Vitor Luis De Jesus"]
[Result "0-1"]
[Annotator "TA"]
[ECO "A05"]
[WhiteElo "2159"]
[BlackElo "2083"]
[PlyCount "73"]
[EventDate "2025.01.18"]
[EventType "swiss"]
[EventCountry "BRA"]
[SourceTitle "playchess.com"]
[Source "ChessBase"]
[SourceQuality "1"]
[TimeControl "180+2"]

1. a4 Nf6 2. g3 g6 3. Bg2 Bg7 4. d3 O-O 5. Nd2 d6 6. e4 c5 7. Ngf3 Nc6 8. O-O Bg4 9. h3 Bxf3 10. Bxf3 Nd7 11. Bg2 a6 12. f4 Rb8 13. Nf3 b5 14. axb5 axb5 15. Kh2 b4 16. h4 Nd4 {[%emt 0:00:02] [#]} 17. h5 $1 Qc7 (17... Nxf3+ 18. Bxf3) 18. Rb1 (18. Nxd4 $14 Bxd4 19. Qe1) 18... Nf6 (18... gxh5 $15 19. Bd2 Nf6) 19. hxg6 hxg6 20. Bh3 Nxf3+ 21. Qxf3 c4 22. Rf2 cxd3 23. cxd3 Rfc8 24. Bxc8 $18 Qxc8 25. Kg2 ({White should try} 25. f5 $18) 25... Ng4 $16 26. Re2 b3 27. Bd2 Bd4 28. Rc1 Qd7 29. Bc3 Rc8 {[%emt 0:00:01] [#]} 30. Ree1 $1 Bxc3 31. Rxc3 Rxc3 32. bxc3 $18 {[%emt 0:00:01][%cal Bb2c3,Bc3c4][%mdl 32] KQR-KQN} f5 (32... Nf6 $142 33. e5 dxe5) 33. Rb1 $2 (33. exf5 $18 gxf5 34. Qa8+ (34. Qd5+ Kg7 $16) 34... Kg7 35. Qb8) 33... Qb5 $14 34. Qe2 {[%emt 0:00:05] Threatens to win with exf5.} e5 (34... Kf8 $142) 35. fxe5 (35. Rb2 $142) 35... Nxe5 $2 (35... dxe5 $16 36. c4 Qb6) 36. c4 $18 Qb6 (36... Qb7 {is a better defense.} 37. d4 Ng4) 37. Qd1 0-1

[Event "BCS-Floripa Super Blitz 2025"]
[Site "Florianopolis"]
[Date "2025.01.22"]
[Round "5.10"]
[White "Ferreira, Giovani Lima Diogo"]
[Black "Garcia Martin, Marta"]
[Result "0-1"]
[Annotator "TA"]
[ECO "B06"]
[WhiteElo "1834"]
[BlackElo "2323"]
[PlyCount "76"]
[EventDate "2025.01.18"]
[EventType "swiss"]
[EventCountry "BRA"]
[SourceTitle "playchess.com"]
[Source "ChessBase"]
[SourceQuality "1"]
[TimeControl "180+2"]

1. e4 g6 2. d4 Bg7 3. Nc3 d6 4. Be3 a6 5. Be2 b5 6. a3 Bb7 7. f3 Nd7 8. Nh3 c5 9. O-O cxd4 10. Bxd4 Bxd4+ 11. Qxd4 Qb6 12. Rfd1 Ngf6 13. Nf2 O-O 14. Rd2 Rfc8 15. Rad1 Rc7 16. g4 (16. Qxb6 $11 Nxb6 17. Rd4) 16... Rac8 (16... g5 {feels hotter.} 17. Kg2 h5 18. h4 Qxd4 19. Rxd4 hxg4 20. hxg5 gxf3+ 21. Kxf3 Nh7) 17. Qxb6 Nxb6 18. Nh3 (18. Re1 $15) 18... Nfd7 19. Kf2 Ne5 20. Rd4 $2 (20. Rb1 $17) 20... Nec4 $19 21. Bxc4 Nxc4 22. Rxc4 Rxc4 ({Don't play} 22... bxc4 23. Nf4 $19) 23. Nf4 Rxc3 24. bxc3 Rxc3 {[%emt 0:00:01][%mdl 4096] Endgame KRB-KRN. Black is a pawn up.} 25. Rd2 Rxa3 26. Nd3 a5 27. Ke3 b4 28. Kd4 Ba6 29. h4 Bxd3 30. cxd3 {[%emt 0:00:02] KR-KR. Black is two pawns up.} b3 {[%emt 0:00:22] And now ...Ra2 would win.} 31. Kc3 a4 32. f4 Kf8 33. f5 Ke8 34. h5 (34. Re2 $142) 34... gxh5 35. gxh5 h6 36. Rg2 Kd7 37. d4 Ra1 38. e5 Rh1 0-1

[Event "BCS-Floripa Super Blitz 2025"]
[Site "Florianopolis"]
[Date "2025.01.22"]
[Round "5.11"]
[White "Saiz Rodriguez, Daniel Evelio"]
[Black "Lima, Stefan Moisei VIeira"]
[Result "1-0"]
[Annotator "TA"]
[ECO "A28"]
[WhiteElo "2172"]
[BlackElo "2312"]
[PlyCount "67"]
[EventDate "2025.01.18"]
[EventType "swiss"]
[EventCountry "BRA"]
[SourceTitle "playchess.com"]
[Source "ChessBase"]
[SourceQuality "1"]
[TimeControl "180+2"]

1. c4 e5 2. Nc3 Nf6 3. Nf3 Nc6 4. e4 Bb4 5. d3 d6 6. a3 Ba5 7. b4 Bb6 8. h3 h6 9. Na4 Bd4 10. Rb1 a6 11. Nxd4 Nxd4 12. Nc3 b5 13. Ne2 Ne6 14. Qc2 Bb7 15. Be3 bxc4 16. Qxc4 (16. Ng3 $1 $15) 16... d5 $17 17. exd5 Nxd5 18. Bc5 Ndf4 (18... Nb6 $17 19. Qb3 Nd7) 19. Nxf4 $15 Nxf4 20. Rg1 Qd7 21. g3 Nxh3 (21... Ne6 $15) 22. Bxh3 $11 Qxh3 23. Rc1 ({White should play} 23. b5 $11) 23... Qd7 24. Ke2 (24. f4 $15) 24... f5 (24... Bd5 $17 25. Qh4 g5) 25. g4 (25. Rge1 $11) 25... g5 (25... fxg4 {simplifies} 26. Qxg4 Qxg4+ 27. Rxg4 g5) 26. gxf5 Qxf5 27. Rg3 $1 O-O-O (27... Rh7 $15 {stays ahead.}) 28. Bb6 $16 {[%emt 0:00:03][%csl Gb6,Gc1][%cal Rc4c7,Bc5b6,Bb6c7,Bc7e5,Be5h8,Bh8d4][%mdl 32] Some like it hot} Rd7 {[%emt 0:00:02] White must now prevent ...Rf8.} 29. Bxc7 Qf7 $2 ({Avoid the trap} 29... Rd4 $2 30. Qc5 (30. Bxe5+ Rxc4 31. Rxc4+ Bc6 $14) 30... Kd7 (30... Rd5 $2 31. Qb6 $18) 31. Bxe5 $18 (31. Qxe5 $2 {is the wrong capture.} Re8 $19)) (29... Re8 $14) 30. Bxe5+ $18 Qxc4 31. Rxc4+ Kd8 32. Bxh8 Rd5 33. Rd4 Rxd4 34. Bxd4 1-0

[Event "BCS-Floripa Super Blitz 2025"]
[Site "Florianopolis"]
[Date "2025.01.22"]
[Round "5.11"]
[White "Lorenzon, Eduardo Lucas"]
[Black "Soares, Rafael Tuma"]
[Result "1-0"]
[Annotator "TA"]
[ECO "B66"]
[WhiteElo "2039"]
[BlackElo "1932"]
[PlyCount "95"]
[EventDate "2025.01.18"]
[EventType "swiss"]
[EventCountry "BRA"]
[SourceTitle "playchess.com"]
[Source "ChessBase"]
[SourceQuality "1"]
[TimeControl "180+2"]

1. e4 c5 2. Nf3 d6 3. d4 cxd4 4. Nxd4 Nf6 5. Nc3 a6 6. Bg5 e6 7. Qd2 Nc6 8. O-O-O h6 9. Be3 e5 10. Nxc6 bxc6 11. Bc5 Bg4 12. f3 $1 (12. Bxd6 Bxd1 13. Bxf8 Qxd2+ 14. Kxd2 Kxf8 $17 (14... Rxf8 15. Kxd1 a5 16. f3 $15)) 12... dxc5 13. Qxd8+ Rxd8 14. Rxd8+ Kxd8 15. fxg4 Nxg4 16. Bxa6 Be7 17. Kd2 Bg5+ 18. Ke2 Ke7 19. h3 Ne3 ({Better is} 19... Nf6 $1 $14) 20. h4 $16 Bf4 21. g3 $1 Nxc2 (21... Ra8 $16) 22. gxf4 $18 Nd4+ (22... exf4 $142 23. Kf3 Rb8 24. Kxf4 Rxb2) 23. Ke3 exf4+ 24. Kxf4 g5+ 25. Ke3 (25. hxg5 $2 {perishes.} hxg5+ 26. Kxg5 Rxh1 $19) 25... g4 26. h5 Rg8 27. Rg1 Rg5 28. Ne2 Nf3 29. Rg3 Ne5 30. Nf4 Rg8 31. Be2 Kf6 32. Nd3 Nc4+ 33. Kf4 Ra8 34. e5+ Ke7 35. a3 Rb8 36. Rxg4 Nxb2 37. Nxb2 Rxb2 {[%emt 0:00:01][%mdl 4096] Endgame KRB-KR} 38. Bc4 Rc2 39. Kf5 Rf2+ 40. Rf4 Rg2 41. Ke4 {[%emt 0:00:02][%cal Oa3a4] a4! is the strong threat.} Rg5 42. Rxf7+ Ke8 43. Rf5 {[%emt 0:00:03] Intending Rxg5 and mate.} Rg4+ 44. Rf4 Rg5 45. a4 Ke7 46. a5 Rxh5 47. a6 Rh1 48. Rf7+ 1-0